 Dungeon Crawl Stone Soup version 0.22-a0-305-gd21a89c538 (webtiles) character file.

25 Oravi the Bolt Thrower (level 3, 0/21 HPs)
             Began as a Kobold Hunter on Mar 31, 2018.
             Slain by a worm (3 damage)
             ... on level 2 of the Dungeon.
             The game lasted 00:02:38 (823 turns).

Oravi the Bolt Thrower (Kobold Hunter)               Turns: 823, Time: 00:02:39

Health: 0/21       AC:  6    Str: 10    XL:     3   Next: 20%
Magic:  3/3        EV: 19    Int: 17    God:
Gold:   99         SH:  0    Dex: 15    Spells: 2/2 levels left

rFire    . . .     SeeInvis .   b - +0 short sword
rCold    . . .     Gourm    .   (shield restricted)
rNeg     . . .     Faith    .   c - +0 leather armour
rPois    .         Spirit   .   (no helmet)
rElec    .         Reflect  .   g - +0 cloak
rCorr    .         Harm     .   (no gloves)
MR       .....                  e - +1 pair of boots
Stlth    +++.......             (no amulet)
HPRegen  0.07/turn              i - ring of stealth
MPRegen  0.08/turn              k - +4 ring of evasion

@: brilliant
A: small, carnivore
a: no special abilities


You were on level 2 of the Dungeon.
You were full.

You visited 1 branch of the dungeon, and saw 2 of its levels.

You collected 99 gold pieces.

Inventory:

Hand Weapons
 a - a +1 hand crossbow
 b - a +0 short sword (weapon)
Missiles
 d - 20 bolts
Armour
 c - a +0 leather armour (worn)
 e - a +1 pair of boots (worn)
 g - a +0 cloak (worn)
Jewellery
 i - a ring of stealth (left hand)
 k - a +4 ring of evasion (right hand)
 n - an uncursed ring of positive energy {unknown}
Wands
 o - a wand of acid (6)
Scrolls
 h - a scroll of amnesia {unknown}
 l - 4 scrolls of identify {unknown}
 m - a scroll of teleportation {unknown}
Comestibles
 f - 5 rations


   Skills:
 - Level 2.1 Fighting
 + Level 1.2 Short Blades
 + Level 5.6 Crossbows
 * Level 2.8 Dodging
 - Level 1.3 Stealth


You had 2 spell levels left.
You didn't know any spells.

Dungeon Overview and Level Annotations

Branches:
Dungeon (2/15)

Altars:
Xom
Zin


Innate Abilities, Weirdness & Mutations

You are small and have problems with some larger weapons.
You are carnivorous and can eat meat at any time.


Message History

You are too injured to fight recklessly!
You are too injured to fight recklessly!
You are too injured to fight recklessly!
You are too injured to fight recklessly!
You are too injured to fight recklessly!
You are too injured to fight recklessly!
You are too injured to fight recklessly!
You are too injured to fight recklessly!
You are too injured to fight recklessly!
You are too injured to fight recklessly!
You are too injured to fight recklessly!
You are too injured to fight recklessly!
You are too injured to fight recklessly!
You are too injured to fight recklessly!
You are too injured to fight recklessly!
You are too injured to fight recklessly!
It was a potion of brilliance.
You feel clever all of a sudden. The worm bites you.
You die...

#####.# #####.## #.#
.......# ... ._.....#
#.# ####...# #.#
...#...# #.# ...#...#
#K# A..#..## #.# #w#
####..# #.# #@# ._....#
#.# #.# .....## #.# #.#
####.# #.# #(# #.#
#.###.# ##.## #.#...#
###.).######.#.#..##...
...............#.!#>...
###...#......#######..^


You could see a worm and a kobold.

Vanquished Creatures
  An ooze (D:1)
  2 leopard geckos
  2 bats (D:1)
  4 goblins
  4 hobgoblins (D:1)
  2 frilled lizards (D:2)
  3 rats (D:1)
18 creatures vanquished.

Notes
Turn   | Place    | Note
-------+----------+-------------------------------------------
     0 | D:1      | Oravi the Kobold Hunter began the quest for the Orb.
     0 | D:1      | Reached XP level 1. HP: 12/12 MP: 1/1
   238 | D:1      | Reached skill level 5 in Crossbows
   248 | D:1      | Reached XP level 2. HP: 17/17 MP: 2/2
   466 | D:1      | Reached skill level 1 in Short Blades
   466 | D:1      | Reached XP level 3. HP: 21/21 MP: 3/3
   713 | D:2      | Noticed an angel
   715 | D:2      | Found a shimmering altar of Xom.
   717 | D:2      | Found a glowing silver altar of Zin.
   823 | D:2      | Slain by a worm

Vault maps used:
D:1:      lemuel_arrival_funnel
D:2:      grunt_temple_overflow_order_and_chaos_1,
          nicolae_overflow_hidden_temple, uniq_natasha, uniq_sigmund, uniq_robin

Skill      XL: |  1  2 |
---------------+-------+-----
Crossbows      | 5 |  5.6
Short Blades   | 1 |  1.2
Fighting       | |  2.1
Dodging        | |  2.8
Stealth        | |  1.3

Action                   || total
-------------------------++-------
Melee: Short sword       ||    73
  Use: Potion            ||     2
 Stab: Sleeping          ||     2
  Eat: Chunk             ||     4
Armor: Leather armour    ||     6
Dodge: Dodged            ||    54

Table legend:
 A = Spawn XP
 B = Non-spawn XP
 C = Spawn XP percentage of total XP
 D = Spawn monster count
 E = Non-spawn monster count
 F = Spawn count percentage of total count
 G = Total turns spent on level
                    A         B        C        D         E        F      G
               +---------+---------+-------+---------+---------+-------+---------
         Total |       0 |      37 |   0.0 |       0 |      18 |   0.0 |   823
               +---------+---------+-------+---------+---------+-------+---------
           D:1 |       0 |      31 |   0.0 |       0 |      14 |   0.0 |   701
           D:2 |       0 |       6 |   0.0 |       0 |       4 |   0.0 |   122
               +---------+---------+-------+---------+---------+-------+---------
